TOP OF THE 1ST |
Sunset District Fog batting - Pitching for Gryfindor Braves : RHP Jim Unknown
|
Pitching: RHP Jim Unknown
|
|
Batting: LHB Lance Schiffer
|
0-0: Ground out 4-3 (Groundball, 4)
|
Batting: RHB Steve McLeod
|
0-0: Foul Ball, location: 2F 0-1: Called Strike 0-2: Ball 1-2: Fly out, F8 (Flyball, 8LS)
|
Batting: SHB John Allen
|
0-0: Foul Ball, location: 2F 0-1: Foul Ball, location: 2F 0-2: SINGLE (Line Drive, 34)
|
Batting: LHB Maxwell Ings
|
0-0: Called Strike 0-1: Ball 1-1: Foul Ball, location: 2F 1-2: Ball 2-2: Fly out, F7 (Flyball, 7D)
|
Top of the 1st over - 0 run(s), 1 hit(s), 0 error(s), 1 left on base; Sunset District 0 - Gryfindor 0 |
BOTTOM OF THE 1ST |
Gryfindor Braves batting - Pitching for Sunset District Fog : RHP Matt Webber
|
Pitching: RHP Matt Webber
|
|
Batting: RHB Pablo León
|
0-0: Ball 1-0: Foul Ball, location: 2F 1-1: Swinging Strike 1-2: Foul Ball, location: 2F 1-2: Foul Ball, location: 2F 1-2: Ball 2-2: Foul Ball, location: 2F 2-2: Strikes out swinging
|
Batting: RHB Claudio Pérez
|
0-0: Called Strike 0-1: Foul Ball, location: 2F 0-2: Ball 1-2: Ball 2-2: Ball 3-2: Base on Balls
|
Batting: RHB Jim Unknown
|
0-0: Called Strike 0-1: Foul Ball, location: 2F 0-2: Strikes out swinging
|
Batting: LHB Jay Carlson
|
0-0: Called Strike 0-1: Ground out 3-1 (Groundball, 34)
|
Bottom of the 1st over - 0 run(s), 0 hit(s), 0 error(s), 1 left on base; Sunset District 0 - Gryfindor 0 |
TOP OF THE 2ND |
Sunset District Fog batting - Pitching for Gryfindor Braves : RHP Jim Unknown
|
Batting: RHB Gabriel Maldonado
|
0-0: Ball 1-0: Ball 2-0: Fly out, F9 (Flyball, 9M)
|
Batting: SHB Brian Ray
|
0-0: Ball 1-0: Called Strike 1-1: Called Strike 1-2: Strikes out swinging
|
Batting: SHB Al Anderson
|
0-0: Called Strike 0-1: SINGLE (Groundball, 34D)
|
Batting: RHB Jim Lee
|
0-0: DOUBLE (Line Drive, 5L) Al Anderson to third
|
Batting: RHB Michael Martin
|
0-0: Foul Ball, location: 2F 0-1: Ball 1-1: Called Strike 1-2: Strikes out swinging
|
Top of the 2nd over - 0 run(s), 2 hit(s), 0 error(s), 2 left on base; Sunset District 0 - Gryfindor 0 |
BOTTOM OF THE 2ND |
Gryfindor Braves batting - Pitching for Sunset District Fog : RHP Matt Webber
|
Batting: LHB Chris Thurman
|
0-0: Called Strike 0-1: Ball 1-1: Ball 2-1: Foul Ball, location: 2F 2-2: Ground out U3 (Groundball, 3L)
|
Batting: RHB Jim Unknown
|
0-0: Called Strike 0-1: Ball 1-1: Ball 2-1: Ball 3-1: Base on Balls
|
Batting: LHB Jim Unknown
|
0-0: Ball 1-0: Ball 2-0: Called Strike 2-1: Ball 3-1: Called Strike 3-2: Foul Ball, location: 2F 3-2: Fielders Choice at 2nd, 3-6 (Groundball, 34)
|
Batting: LHB Jim Unknown
|
0-0: Called Strike 0-1: Ball 1-1: Ball 2-1: Fly out, F9 (Flyball, 9LMF)
|
Bottom of the 2nd over - 0 run(s), 0 hit(s), 0 error(s), 1 left on base; Sunset District 0 - Gryfindor 0 |
TOP OF THE 3RD |
Sunset District Fog batting - Pitching for Gryfindor Braves : RHP Jim Unknown
|
Batting: LHB Lance Schiffer
|
0-0: Ball 1-0: Bunt for hit - play at first, batter safe!
|
Batting: RHB Steve McLeod
|
0-0: Grounds into double play, 5-4-3 (Groundball, 5L)
|
Batting: SHB John Allen
|
0-0: Called Strike 0-1: Foul Ball, location: 2F 0-2: Ball 1-2: Ball 2-2: Foul Ball, location: 2F 2-2: Strikes out swinging
|
Top of the 3rd over - 0 run(s), 1 hit(s), 0 error(s), 0 left on base; Sunset District 0 - Gryfindor 0 |
BOTTOM OF THE 3RD |
Gryfindor Braves batting - Pitching for Sunset District Fog : RHP Matt Webber
|
Batting: SHB Reed Ramsey
|
0-0: Called Strike 0-1: DOUBLE (Groundball, 5L)
|
Batting: RHB Pablo León
|
0-0: Swinging Strike 0-1: SINGLE (Line Drive, 4MD) Reed Ramsey to third Runner from 3rd tries for Home, SAFE, no throw or cutoff
|
Batting: RHB Claudio Pérez
|
0-0: Grounds into double play, 5-4-3 (Groundball, 5)
|
Batting: RHB Jim Unknown
|
0-0: Foul Ball, location: 2F 0-1: Ball 1-1: Ball 2-1: Ground out 4-3 (Groundball, 4)
|
Bottom of the 3rd over - 1 run(s), 2 hit(s), 0 error(s), 0 left on base; Sunset District 0 - Gryfindor 1 |
TOP OF THE 4TH |
Sunset District Fog batting - Pitching for Gryfindor Braves : RHP Jim Unknown
|
Batting: LHB Maxwell Ings
|
0-0: Called Strike 0-1: Fly out, F7 (Flyball, 78M)
|
Batting: RHB Gabriel Maldonado
|
0-0: Ball 1-0: Ground out 5-3 (Groundball, 5L)
|
Batting: SHB Brian Ray
|
0-0: Ball 1-0: Fly out, F8 (Flyball, 8RM)
|
Top of the 4th over - 0 run(s), 0 hit(s), 0 error(s), 0 left on base; Sunset District 0 - Gryfindor 1 |
BOTTOM OF THE 4TH |
Gryfindor Braves batting - Pitching for Sunset District Fog : RHP Matt Webber
|
Batting: LHB Jay Carlson
|
0-0: Swinging Strike 0-1: Ball 1-1: Ball 2-1: Ball 3-1: Called Strike 3-2: Foul Ball, location: 2F 3-2: Strikes out swinging
|
Batting: LHB Chris Thurman
|
0-0: Called Strike 0-1: Ball 1-1: Ball 2-1: Foul Ball, location: 2F 2-2: Ball 3-2: Ground out 6-3 (Groundball, 6)
|
Batting: RHB Jim Unknown
|
0-0: Called Strike 0-1: Ground out U3 (Groundball, 3)
|
Bottom of the 4th over - 0 run(s), 0 hit(s), 0 error(s), 0 left on base; Sunset District 0 - Gryfindor 1 |
TOP OF THE 5TH |
Sunset District Fog batting - Pitching for Gryfindor Braves : RHP Jim Unknown
|
Batting: SHB Al Anderson
|
0-0: Called Strike 0-1: Foul Ball, location: 2F 0-2: Ground out 3-1 (Groundball, 34)
|
Batting: RHB Jim Lee
|
0-0: Called Strike 0-1: Fly out, F9 (Flyball, 9LS)
|
Batting: RHB Michael Martin
|
0-0: Ground out 4-3 (Groundball, 4)
|
Top of the 5th over - 0 run(s), 0 hit(s), 0 error(s), 0 left on base; Sunset District 0 - Gryfindor 1 |
BOTTOM OF THE 5TH |
Gryfindor Braves batting - Pitching for Sunset District Fog : RHP Matt Webber
|
Batting: LHB Jim Unknown
|
0-0: Called Strike 0-1: SINGLE (Groundball, 5L)
|
Batting: LHB Jim Unknown
|
0-0: Called Strike 0-1: Ball 1-1: Fly out, F6 (Popup, 6D)
|
Batting: SHB Reed Ramsey
|
0-0: Ball 1-0: Ball 2-0: Fielders Choice at 2nd, 4-6 (Groundball, 34)
|
Batting: RHB Pablo León
|
0-0: Ball 1-0: SINGLE (Line Drive, 9LM) Reed Ramsey to second
|
Batting: RHB Claudio Pérez
|
0-0: Ball 1-0: Ball 2-0: Fielders Choice at 2nd, U4 (Groundball, 4M)
|
Bottom of the 5th over - 0 run(s), 2 hit(s), 0 error(s), 2 left on base; Sunset District 0 - Gryfindor 1 |
TOP OF THE 6TH |
Sunset District Fog batting - Pitching for Gryfindor Braves : RHP Jim Unknown
|
Batting: LHB Lance Schiffer
|
0-0: SINGLE (Line Drive, 78S)
|
Batting: RHB Steve McLeod
|
0-0: Bunt missed! 0-1: Sac Bunt - play at first, batter OUT! 1-4 Lance Schiffer to second
|
Batting: SHB John Allen
|
0-0: Ball 1-0: Called Strike 1-1: Swinging Strike 1-2: Strikes out swinging
|
Batting: LHB Maxwell Ings
|
0-0: Swinging Strike 0-1: Foul Ball, location: 2F 0-2: Foul Ball, location: 2F 0-2: Strikes out swinging
|
Top of the 6th over - 0 run(s), 1 hit(s), 0 error(s), 1 left on base; Sunset District 0 - Gryfindor 1 |
BOTTOM OF THE 6TH |
Gryfindor Braves batting - Pitching for Sunset District Fog : RHP Matt Webber
|
Batting: RHB Jim Unknown
|
0-0: Ball 1-0: Ball 2-0: Ball 3-0: Called Strike 3-1: Foul Ball, location: 2F 3-2: Ground out 5-3 (Groundball, 5S)
|
Batting: LHB Jay Carlson
|
0-0: Ball 1-0: Called Strike 1-1: Foul Ball, location: 2F 1-2: Ball 2-2: Foul Ball, location: 2F 2-2: Foul Ball, location: 2F 2-2: Foul Ball, location: 2F 2-2: Foul Ball, location: 2F 2-2: Strikes out looking
|
Batting: LHB Chris Thurman
|
0-0: Ball 1-0: Called Strike 1-1: Foul Ball, location: 2F 1-2: Foul Ball, location: 2F 1-2: Ball 2-2: Strikes out swinging
|
Bottom of the 6th over - 0 run(s), 0 hit(s), 0 error(s), 0 left on base; Sunset District 0 - Gryfindor 1 |
TOP OF THE 7TH |
Sunset District Fog batting - Pitching for Gryfindor Braves : RHP Jim Unknown
|
Batting: RHB Gabriel Maldonado
|
0-0: Ground out 5-3 (Groundball, 5S)
|
Batting: SHB Brian Ray
|
0-0: Ground out 4-3 (Groundball, 34)
|
Batting: SHB Al Anderson
|
0-0: Ball 1-0: Called Strike 1-1: SINGLE (Line Drive, 78S)
|
Pinch Hitting: LHB David Hunt
|
0-0: Called Strike 0-1: SINGLE (Groundball, 34D) Al Anderson to second Runner from 2nd tries for 3rd, SAFE, throw made to third
|
Batting: RHB Michael Martin
|
0-0: Foul Ball, location: 2F 0-1: Ball 1-1: Called Strike 1-2: Ground out 1-3 (Groundball, 23)
|
Top of the 7th over - 0 run(s), 2 hit(s), 0 error(s), 2 left on base; Sunset District 0 - Gryfindor 1 |
BOTTOM OF THE 7TH |
Gryfindor Braves batting - Pitching for Sunset District Fog : RHP Matt Webber
|
Now at 2B: Shane Franklin
|
|
Batting: RHB Jim Unknown
|
0-0: Foul Ball, location: 2F 0-1: SINGLE (Line Drive, 9S)
|
Batting: LHB Jim Unknown
|
0-0: Bunted foul 0-1: Sac Bunt - play at first, batter OUT! 2-4 Jim Unknown to second
|
Batting: LHB Jim Unknown
|
0-0: Ball 1-0: Ball 2-0: Ball 3-0: Called Strike 3-1: Ground out 3-1 (Groundball, 34) Jim Unknown to third
|
Batting: SHB Reed Ramsey
|
0-0: Ball 1-0: Foul Ball, location: 2F 1-1: Ball 2-1: 2-RUN HOME RUN (Line Drive, 9LD), Distance : 353 ft
|
Batting: RHB Pablo León
|
0-0: Called Strike 0-1: Ball 1-1: Foul Ball, location: 2F 1-2: Strikes out swinging
|
Bottom of the 7th over - 2 run(s), 2 hit(s), 0 error(s), 0 left on base; Sunset District 0 - Gryfindor 3 |
TOP OF THE 8TH |
Sunset District Fog batting - Pitching for Gryfindor Braves : RHP Jim Unknown
|
Batting: LHB Lance Schiffer
|
0-0: Ball 1-0: Swinging Strike 1-1: Foul Ball, location: 2F 1-2: Ball 2-2: Strikes out looking
|
Batting: RHB Steve McLeod
|
0-0: Ball 1-0: Foul Ball, location: 2F 1-1: Foul Ball, location: 2F 1-2: Ball 2-2: Ball 3-2: Strikes out looking
|
Batting: SHB John Allen
|
0-0: Ball 1-0: Ball 2-0: Called Strike 2-1: Fly out, F9 (Flyball, 9M)
|
Top of the 8th over - 0 run(s), 0 hit(s), 0 error(s), 0 left on base; Sunset District 0 - Gryfindor 3 |
BOTTOM OF THE 8TH |
Gryfindor Braves batting - Pitching for Sunset District Fog : RHP Matt Webber
|
Pitching: RHP Boyd Craig
|
|
Batting: RHB Claudio Pérez
|
0-0: Ball 1-0: Foul Ball, location: 2F 1-1: Swinging Strike 1-2: Foul Ball, location: 2F 1-2: Strikes out swinging
|
Batting: RHB Jim Unknown
|
0-0: Called Strike 0-1: Ball 1-1: Swinging Strike 1-2: Foul Ball, location: 2F 1-2: Ball 2-2: DOUBLE (Line Drive, 7LS)
|
Batting: LHB Jay Carlson
|
0-0: SINGLE (Groundball, 34D) (infield hit) Jim Unknown to third
|
Pitching: LHP Morris Nicholson
|
|
Batting: LHB Chris Thurman
|
0-0: Called Strike 0-1: Ball 1-1: Ball 2-1: Ball 3-1: DOUBLE (Groundball, 3L) Jim Unknown scores Jay Carlson to third Runner from 3rd tries for Home, throw and OUT! Chris Thurman to third
|
Batting: RHB Jim Unknown
|
0-0: Ball 1-0: Ground out U3 (Groundball, 3S)
|
Bottom of the 8th over - 1 run(s), 3 hit(s), 0 error(s), 1 left on base; Sunset District 0 - Gryfindor 4 |
TOP OF THE 9TH |
Sunset District Fog batting - Pitching for Gryfindor Braves : RHP Jim Unknown
|
Batting: LHB Maxwell Ings
|
0-0: Swinging Strike 0-1: Called Strike 0-2: Ball 1-2: DOUBLE (Line Drive, 9LD)
|
Batting: RHB Gabriel Maldonado
|
0-0: Called Strike 0-1: Ball 1-1: Swinging Strike 1-2: Ground out 1-3 (Groundball, 25)
|
Batting: SHB Brian Ray
|
0-0: Ball 1-0: Foul Ball, location: 2F 1-1: Called Strike 1-2: Ball 2-2: Ball 3-2: Strikes out looking
|
Batting: SHB Al Anderson
|
0-0: Ball 1-0: Ball 2-0: 2-RUN HOME RUN (Flyball, 9LD), Distance : 334 ft
|
Pitching: RHP Ed McWhannell
|
|
Batting: RHB Shane Franklin
|
0-0: Called Strike 0-1: Ball 1-1: Called Strike 1-2: Foul Ball, location: 2F 1-2: Ball 2-2: Ball 3-2: Foul Ball, location: 2F 3-2: Base on Balls
|
Batting: RHB Michael Martin
|
0-0: Called Strike 0-1: Called Strike 0-2: Foul Ball, location: 2F 0-2: Strikes out swinging
|
Top of the 9th over - 2 run(s), 2 hit(s), 0 error(s), 1 left on base; Sunset District 2 - Gryfindor 4 |
|